 Dungeon Crawl Stone Soup version 0.22.0-60-ga52c2fc (console) character file.

18 bli the Skirmisher (level 2, -8/25 HPs)
             Began as a Formicid Abyssal Knight on Sept 10, 2018.
             Was an Initiate of Lugonu.
             Mangled by Sigmund
             ... wielding a +0 scythe
              (9 damage)
             ... on level 2 of the Dungeon.
             The game lasted 00:02:05 (1125 turns).

bli the Skirmisher (Formicid Abyssal Knight)        Turns: 1125, Time: 00:02:06

Health: -8/25      AC:  3    Str: 16    XL:     2   Next: 85%
Magic:  3/3        EV: 11    Int: 11    God:    Lugonu [......]
Gold:   46         SH:  0    Dex: 10    Spells: 1/1 levels left

rFire    . . .     SeeInvis +   a - +1 hand axe
rCold    . . .     Gourm    .   (no shield)
rNeg     . . .     Faith    .   b - +0 leather armour
rPois    .         Spirit   .   (helmet unavailable)
rElec    .         Reflect  .   (no cloak)
rCorr    .         Harm     .   (no gloves)
MR       .....                  (no boots)
Stlth    +.........             (no amulet)
HPRegen  0.08/turn              (no ring)
MPRegen  0.08/turn              (no ring)

@: no status effects
A: permanent stasis, dig shafts and tunnels, four strong arms, antennae 3
a: Dig, Shaft Self, Renounce Religion


You were on level 2 of the Dungeon.
You worshipped Lugonu.
Lugonu was noncommittal.
You were hungry.

You visited 1 branch of the dungeon, and saw 2 of its levels.
You visited the Abyss 1 time.

You collected 46 gold pieces.

Inventory:

Hand Weapons
 a - a +1 hand axe (weapon)
Armour
 b - a +0 leather armour (worn)
 g - a +0 plate armour
Scrolls
 d - a scroll of identify {unknown}
 f - a scroll of magic mapping {unknown}
 i - a scroll of fog {unknown}
 j - a scroll of remove curse {unknown}
Potions
 e - a potion of heal wounds {unknown}
Comestibles
 c - 4 rations


   Skills:
 * Level 4.0 Fighting
 + Level 2.0 Axes
 + Level 2.4 Armour
 + Level 1.0 Dodging
 + Level 2.2 Invocations


You had one spell level left.
You didn't know any spells.
Your spell library was empty.

Dungeon Overview and Level Annotations

Branches:
Dungeon (2/15)

Altars:

Annotations:
D:2 Sigmund


Innate Abilities, Weirdness & Mutations

You cannot be hasted, slowed, berserked, paralysed or teleported.
You can dig through walls and to a lower floor.
Your four strong arms can wield two-handed weapons with a shield.
You have a pair of large antennae on your head. (SInv)


Message History

You are confused.
You climb upwards.
There is a stone staircase leading down here.
You're too confused!
You climb downwards.
Level annotation: Sigmund Sigmund barely misses you.
The worm bites you but does no damage.
Sigmund
There is a stone staircase leading up here.
You feel less confused. The worm bites you! Sigmund hits you with a scythe!
* * * LOW HITPOINT WARNING * * *
There is a stone staircase leading up, spattered with blood here.
You hit Sigmund.
Sigmund is lightly wounded.
You hit the worm. Sigmund closely misses you. The worm bites you!
* * * LOW HITPOINT WARNING * * *
You closely miss Sigmund.
Sigmund is lightly wounded.
You barely miss the worm. Sigmund hits you with a scythe!
You die...

#..... #.....
##.@... .......
#.#%.. #.....
#....@#######
#...........#
#....%..#w@.#
#.......+@..#+###
.........#........
##.#..............
# #......##......
+....... ......
#..............
#...... ......
#...... .....
##..... ....


You could see Sigmund and a worm.

Vanquished Creatures
  A dart slug (D:1)
  A giant cockroach (D:1)
  2 goblins (D:1)
  2 hobgoblins (D:1)
  2 jackals (D:1)
  A kobold (D:1)
  4 bats (D:1)
  A frilled lizard (D:1)
14 creatures vanquished.

Notes
Turn   | Place    | Note
-------+----------+-------------------------------------------
     0 | Abyss:1  | bli the Formicid Abyssal Knight began the quest for the
                  | Orb.
     0 | Abyss:1  | Reached XP level 1. HP: 18/18 MP: 2/2
    65 | Abyss:1  | Noticed an ancient zyme
    69 | D:1      | Escaped the Abyss
   146 | D:1      | Reached XP level 2. HP: 8/25 MP: 3/3
   519 | D:1      | Reached * piety under Lugonu
   519 | D:1      | Reached skill level 4 in Fighting
   688 | D:1      | Reached skill level 1 in Dodging
  1113 | D:2      | Noticed Sigmund
  1124 | D:2      | HP: 1/25 [worm (7)]
  1125 | D:2      | Mangled by Sigmund

Skill      XL: |  1  2 |
---------------+-------+-----
Fighting       | 4 |  4.0
Dodging        | 1 |  1.0
Axes           | |  2.0
Armour         | |  2.4
Invocations    | |  2.2

Action                   || total
-------------------------++-------
Melee: Hand axe          ||    45
Invok: Depart the Abyss  ||     1
Armor: Leather armour    ||    14
Dodge: Dodged            ||    30
